 Dungeon Crawl Stone Soup version 0.24.0-37-gcf1ca852f1 (webtiles) character file.

Game seed: 12020702350545109393, levelgen mode: deterministic

538 theswoord the Chopper (level 7, -2/52 HPs)
             Began as a Demonspawn Fighter on Nov 26, 2019.
             Was an Initiate of Kikubaaqudgha.
             Killed by divine providence
             ... invoked by an orc priest
              (16 damage)
             ... on level 4 of the Dungeon.
             The game lasted 00:04:32 (3045 turns).

theswoord the Chopper (Demonspawn Fighter)          Turns: 3045, Time: 00:04:32

Health: -2/52      AC:  9    Str: 16    XL:     7   Next: 5%
Magic:  7/7        EV:  9    Int: 10    God:    Kikubaaqudgha [......]
Gold:   191        SH:  0    Dex: 14    Spells: 6/6 levels left

rFire    . . .     SeeInvis .   a - +0 war axe
rCold    . . .     Gourm    .   (no shield)
rNeg     . . .     Faith    .   b - +0 scale mail
rPois    .         Spirit   .   (helmet restricted)
rElec    .         Reflect  .   (no cloak)
rCorr    .         Harm     .   o - +0 pair of gloves
MR       .....                  (no boots)
Stlth    ..........             p - amulet of magic regeneration
HPRegen  0.17/turn              h - ring of wizardry
MPRegen  0.35/turn              t - +1 ring of slaying

@: no status effects
A: horns 1, molten scales 1, demonic guardian 1, powered by death 1
a: Renounce Religion


You were on level 4 of the Dungeon.
You worshipped Kikubaaqudgha.
Kikubaaqudgha was noncommittal.
You were not hungry.

You visited 1 branch of the dungeon, and saw 4 of its levels.

You collected 191 gold pieces.

Inventory:

Hand Weapons
 a - a +0 war axe (weapon)
Armour
 b - a +0 scale mail (worn)
 c - a +0 shield
 o - a +0 pair of gloves (worn)
Jewellery
 h - a ring of wizardry (left hand)
 p - an amulet of magic regeneration (around neck)
 q - a +2 ring of intelligence
 t - a +1 ring of slaying (right hand)
Wands
 g - a wand of iceblast (9)
Scrolls
 e - 2 scrolls of blinking
 i - 4 scrolls of identify
 j - a scroll of amnesia {unknown}
 k - 2 scrolls of enchant armour {unknown}
 m - a scroll of random uselessness {unknown}
 n - a scroll of magic mapping {unknown}
 r - a scroll of teleportation {unknown}
Potions
 d - a potion of curing {unknown}
 s - a potion of haste
Comestibles
 f - 8 rations


   Skills:
 - Level 3.0 Fighting
 + Level 7.1 Axes
 - Level 2.6 Armour
 - Level 2.6 Shields


You had 6 spell levels left.
You didn't know any spells.
Your spell library was empty.

Dungeon Overview and Level Annotations

Branches:
Dungeon (4/15)
 Temple: D:4-7

Altars:
Ashenzari
Cheibriados
Dithmenos
Gozag
Kikubaaqudgha
Qazlal
Trog
Uskayaw
Wu Jian
Yredelemnul

Annotations:
D:4 Pikel


Innate Abilities, Weirdness & Mutations

You have a pair of small horns on your head.
You are partially covered in molten scales. (AC +2)
A weak demonic guardian rushes to your aid.
You regenerate a little health from kills.


Message History

* * * LOW HITPOINT WARNING * * *
Pikel freezes you.
* * * LOW HITPOINT WARNING * * *
Pikel hits you but does no damage.
You swap places.
The giant cockroach waves its antennae.
Your quasit bites Pikel but does no damage.
Your quasit misses Pikel.
Your quasit claws Pikel but does no damage.
Pikel closely misses your quasit.
Your quasit closely misses Pikel. x2; Your quasit barely misses Pikel.
Your quasit bites Pikel but does no damage.
Your quasit closely misses Pikel.
Your quasit claws Pikel but does no damage.
Pikel barely misses your quasit.
Your quasit barely misses Pikel. x2; Your quasit closely misses Pikel.
The orc priest calls down the wrath of Beogh upon you.
Beogh smites you!
You die...
Kikubaaqudgha rasps: "You have failed me!
Welcome... death!"

# #..##.# #...........
#...#.# #.###.....##
#...#.#### #.# #...รท##
##.......# #.###...##
#.#####.# #.......# ...#
#.## ######..####
#########..##########......
#.."..55.(.............
#.####@####.#####.###.. #5#
#.# #.. #K# ##.###.. #p#
#....... #p# #..###.. #p#
#.......


pso #.####.. #.# #. #.. #.# ##.####.. You could see Pikel, 4 slaves, an orc
priest, a giant cockroach, a friendly quasit and 2 friendly white imps.

Vanquished Creatures
  An ice beast (D:4)
  3 scorpions
  2 orc priests (D:3)
  An iguana (D:4)
  3 worker ants (D:4)
  5 adders
  A worm (D:2)
  2 dart slugs (D:3)
  6 leopard geckos
  13 orcs (D:3)
  14 bats
  3 giant cockroaches
  5 goblins
  6 hobgoblins
  2 jackals (D:3)
  A quokka (D:2)
  A ball python (D:3)
  3 frilled lizards
  7 kobolds
  6 rats
85 creatures vanquished.

Notes
Turn   | Place    | Note
-------+----------+-------------------------------------------
     0 | D:1      | theswoord the Demonspawn Fighter began the quest for the
                  | Orb.
     0 | D:1      | Reached XP level 1. HP: 18/18 MP: 1/1
    72 | D:1      | Reached skill level 2 in Axes
   192 | D:1      | Gained mutation: You have a pair of small horns on your
                  | head. [demonic ancestry]
   192 | D:1      | Reached XP level 2. HP: 24/24 MP: 2/2
   312 | D:1      | Reached skill level 3 in Axes
   441 | D:1      | Gained mutation: You regenerate a little health from kills.
                  | [demonic ancestry]
   441 | D:1      | Reached XP level 3. HP: 27/29 MP: 3/3
   898 | D:2      | Noticed a scorpion
   902 | D:2      | Killed a scorpion
   902 | D:2      | Reached skill level 4 in Axes
   902 | D:2      | Reached XP level 4. HP: 35/35 MP: 4/4
   928 | D:2      | Found a bloodstained altar of Trog.
   933 | D:2      | Found a shadowy altar of Dithmenos.
   935 | D:2      | Found a shattered altar of Ashenzari.
   935 | D:2      | Found a stormy altar of Qazlal.
   937 | D:2      | Found an ornate altar of the Wu Jian Council.
   938 | D:2      | Found an opulent altar of Gozag.
   941 | D:2      | Found a basalt altar of Yredelemnul.
   984 | D:2      | Found a hide-covered altar of Uskayaw.
  1511 | D:3      | Reached XP level 5. HP: 41/41 MP: 5/5
  1532 | D:3      | Reached skill level 5 in Axes
  2046 | D:3      | Found an ancient bone altar of Kikubaaqudgha.
  2046 | D:3      | Found a snail-covered altar of Cheibriados.
  2227 | D:3      | Became a worshipper of Kikubaaqudgha
  2284 | D:4      | Gained mutation: You are partially covered in molten
                  | scales. (AC +2) [demonic ancestry]
  2284 | D:4      | Reached XP level 6. HP: 23/47 MP: 6/6
  2535 | D:4      | Reached skill level 6 in Axes
  2565 | D:4      | Noticed an ice beast
  2573 | D:4      | Killed an ice beast
  2714 | D:4      | Reached skill level 7 in Axes
  2714 | D:4      | Gained mutation: A weak demonic guardian rushes to your
                  | aid. [demonic ancestry]
  2714 | D:4      | Reached XP level 7. HP: 33/52 MP: 7/7
  2746 | D:4      | HP: 2/52 [poisoned by a scorpion]
  3013 | D:4      | Noticed Pikel
  3045 | D:4      | Killed from afar by an orc priest

Skill      XL: |  1  2  3  4  5  6 |
---------------+-------------------+-----
Axes           | 2 3 4 5 7 |  7.1
Fighting       | |  3.0
Armour         | |  2.6
Shields        | |  2.6

Action                   |  1- 3 |  4- 6 |  7- 9 || total
-------------------------+-------+-------+-------++-------
Melee: War axe           |    81 |   139 |    28 ||   248
       Headbutt          |     7 |    22 |    11 ||    40
Evoke: Wand              |     1 |     1 |       ||     2
  Use: Scroll            |       |     3 |       ||     3
       Potion            |       |     1 |     1 ||     2
  Eat: Chunk             |       |     6 |     1 ||     7
Armor: Scale mail        |    53 |    67 |     7 ||   127
Dodge: Dodged            |    73 |    63 |    10 ||   146

Levels and vault maps discovered:
D:1:      nicolae_arrival_washed_ashore, layout_loops_ring
D:2:      layout_loops_cross, minitemple, old_standard_altar
D:3:      layout_loops_ring, gammafunk_temple_overflow_elements, first_ration
D:4:      layout_loops_ring, gammafunk_ghost_grave, uniq_pikel
